 Dungeon Crawl Stone Soup version 0.31-a0-162-gc4c5a43528 (webtiles) character file.

Game seed: 13415506533833873607

748 qw the Chopper (level 7, -5/44 HPs)
             Began as a Gargoyle Fighter on June 12, 2023.
             Slain by a gnoll bouda
             ... wielding a +0 club
              (8 damage)
             ... on level 5 of the Dungeon.
             The game lasted 00:01:54 (3515 turns).

qw the Chopper (Gargoyle Fighter)                   Turns: 3515, Time: 00:01:55

Health: -5/44      AC: 12    Str: 21      XL:     7   Next: 77%
Magic:  7/7        EV:  9    Int:  9      God:
Gold:   201        SH:  4    Dex:  7 (9)  Spells: 6/6 levels left

rFire   . . .        Y - +0 war axe
rCold   . . .        c - +0 buckler
rNeg    + . .        b - +0 scale mail
rPois   inf          (helmet restricted)
rElec   +            (no cloak)
rCorr   .            (no gloves)
SInv    .            h - +0 pair of boots
Will    +....        g - amulet of the acrobat Stlth
                     (no ring)
HPRegen 0.27/turn    (no ring)
MPRegen 0.10/turn

%: acrobat
@: no status effects
A: sickness immunity, AC +4, negative energy resistance 1, electricity
resistance, torment resistance 1, petrification resistance, hooves 2, horns 1,
strong-willed 1, MP-powered wands
a: no special abilities


You were on level 5 of the Dungeon.
You visited 1 branch of the dungeon, and saw 5 of its levels.

You collected 201 gold pieces.


Innate Abilities, Weirdness & Mutations

You are immune to sickness and miasma.
Your stone body is resilient. (AC +4)
You are immune to poison.
You resist negative energy. (rN+)
You are resistant to electric shocks. (rElec)
You are resistant to unholy torment.
You are immune to petrification.
You have hoof-like feet.
You have a pair of small horns on your head.
You are strong-willed. (Will+)
You expend magic power (3 MP) to strengthen your wands.


   Skills:
 + Level 4.8 Fighting
 - Level 7.0 Axes
 - Level 3.2 Armour
 - Level 1.2 Dodging
 - Level 3.2 Shields


You had 6 spell levels left.
You didn't know any spells.
Your spell library was empty.

Inventory:

Hand Weapons
 i - a +0 mace
 Y - a +0 war axe (weapon)
Armour
 b - a +0 scale mail (worn)
 c - a +0 buckler (worn)
 h - a +0 pair of boots (worn)
Jewellery
 g - an amulet of the acrobat (around neck)
Scrolls
 l - a scroll of identify
Potions
 a - 2 potions of curing
 d - 2 potions of might
 j - a potion of resistance {unknown}
 k - a potion of berserk rage {unknown}
 m - a potion of mutation

Dungeon Overview and Level Annotations

Branches:
Dungeon (5/15)
 Temple: D:4-7

Altars:
Sif Muna

Shops:
D:3 (=*

Annotations:
D:3 2 transporters


Message History

The gnoll bouda barks out a call to the hunt!
The gnoll picks up the pace!
The gnoll hits you from afar with a +0 halberd.
You miss the quasit.
The quasit is moderately wounded.
The quasit bites you but does no damage.
The quasit claws you but does no damage. x2
You block the gnoll's attack.
The quasit bites you but does no damage.
The quasit barely misses you. x2
You miss the quasit. Your headbutt misses the quasit.
The quasit is moderately wounded.
The gnoll is no longer moving quickly.
The gnoll closely misses you. The quasit bites you.
The quasit claws you but does no damage. x2
You closely miss the quasit.
The quasit is moderately wounded.
The quasit bites you but does no damage.
The quasit barely misses you. x2; The gnoll barely misses you.
The quasit bites you but does no damage.
The quasit claws you but does no damage. x2
You miss the quasit.
The quasit is moderately wounded.
The gnoll hits you from afar with a +0 halberd!
The quasit bites you but does no damage.
The quasit closely misses you.
The quasit claws you but does no damage.
The gnoll hits you from afar with a +0 halberd!
The gnoll bouda barks out a call to the hunt!
The gnoll picks up the pace!
You slash the quasit!
You kill the quasit!
Your attacks no longer feel as feeble.
The gnoll hits you from afar with a +0 halberd.
Your Axes skill increases to level 7!
You hit the gnoll bouda.
The gnoll bouda is lightly wounded.
The gnoll misses you.
The gnoll bouda hits you with a +0 club!
You die...

# . ~ .# ~~ .# ~.~
#.#..~ ##.... #####
####..# #...#
#...@# ##..#
##.###gY...7
#..####)..# 5g5...P
#......<#.# g......
#%#.>####.# .\.....
#.##..## .. .......
#.###..####........
#.# #...# ####....
#.# ##..###


You could see an ice beast, a gnoll bouda, 2 gnolls, a shadow imp and an
ufetubus.

Vanquished Creatures
  A black bear (D:4)
  An ogre (D:5)
  2 scorpions (D:5)
  2 quasits (D:5)
  2 orc priests (D:4)
  A hound (D:5)
  A sleepcap (D:3)
  2 iguanas (D:5)
  An orc wizard (D:4)
  8 adders
  3 shadow imps (D:5)
  A white imp (D:5)
  An ufetubus (D:5)
  3 worms (D:2)
  3 dart slugs
  2 orcs (D:4)
  4 bats
  6 endoplasms
  7 giant cockroaches
  5 goblins
  7 hobgoblins
  3 jackals (D:1)
  5 kobolds
  11 quokkas
  4 ball pythons
  2 frilled lizards
  8 rats
96 creatures vanquished.

Notes
Turn   | Place    | Note
-------+----------+-------------------------------------------
     0 | D:1      | qw the Gargoyle Fighter began the quest for the Orb.
     0 | D:1      | Reached XP level 1. HP: 14/14 MP: 1/1
     0 | D:1      | 0 ||| qw: Version: 0.2-a-29-gc1b59c4
     0 | D:1      | 0 ||| qw: Game counter: 4408
     0 | D:1      | 0 ||| qw: Always use a shield: true
     0 | D:1      | 0 ||| qw: God list: Okawaru
     0 | D:1      | 0 ||| qw: Allow faded altars: false
     0 | D:1      | 0 ||| qw: Do Orc after D:15 true
     0 | D:1      | 0 ||| qw: Do second Lair branch before Depths: true
     0 | D:1      | 0 ||| qw: Lair rune preference: random
     0 | D:1      | 0 ||| qw: Plans: Normal, Zot:1-4, Slime:5, God:TSO, Crypt,
                  | Tomb, Abyss, Pan, Hells, Win
     0 | D:1      | 0 ||| PLANNING D:1-11
    15 | D:1      | You fall into a shaft and drop 1 floor!
    32 | D:2      | Reached skill level 2 in Axes
    36 | D:2      | 36 ||| READING scroll labelled SUN BALLAXOY.
    47 | D:1      | Reached XP level 2. HP: 14/19 MP: 2/2
   219 | D:1      | 219 ||| Stepping ~*~*~tactically~*~*~ (stealth).
   220 | D:1      | 220 ||| Stepping ~*~*~tactically~*~*~ (stealth).
   252 | D:1      | Reached skill level 3 in Axes
   302 | D:1      | Reached XP level 3. HP: 23/23 MP: 3/3
   413 | D:1      | 413 ||| DROPPING +0 whip.
   760 | D:1      | 760 ||| UPGRADING to amulet of the acrobat.
   765 | D:1      | 765 ||| READING scroll labelled GOUKIX HAHEMU.
   766 | D:1      | 766 ||| DRINKING 2 lumpy green potions.
   766 | D:1      | Gained mutation: You are frail. (-10% HP) [potion of
                  | mutation]
   766 | D:1      | Gained mutation: You are strong-willed. (Will+) [potion of
                  | mutation]
   766 | D:1      | Gained mutation: You expend magic power (3 MP) to
                  | strengthen your wands. [potion of mutation]
   767 | D:1      | 767 ||| DRINKING potion of mutation.
   767 | D:1      | Lost mutation: You are strong-willed. (Will+) [potion of
                  | mutation]
   767 | D:1      | Lost mutation: You are frail. (-10% HP) [potion of
                  | mutation]
   767 | D:1      | Gained mutation: You have a pair of small horns on your
                  | head. [potion of mutation]
   767 | D:1      | Gained mutation: You have hidden genetic potential. [potion
                  | of mutation]
   824 | D:2      | 824 ||| Stepping ~*~*~tactically~*~*~ (stealth).
   853 | D:2      | Found a faded altar of an unknown god.
   890 | D:2      | 890 ||| Stepping ~*~*~tactically~*~*~ (stealth).
   987 | D:2      | 987 ||| Stepping ~*~*~tactically~*~*~ (hiding).
  1134 | D:2      | Reached XP level 4. HP: 18/28 MP: 4/4
  1492 | D:2      | Reached skill level 4 in Axes
  1498 | D:2      | Gained mutation: You have great hidden genetic potential.
                  | [hidden potential]
  1773 | D:2      | 1773 ||| UPGRADING to +0 pair of boots.
  1778 | D:2      | 1778 ||| READING 2 scrolls labelled KAANITIKKI.
  1779 | D:2      | 1779 ||| READING scroll labelled JEMEGG GAPOQ.
  1780 | D:2      | 1780 ||| DROPPING scroll of revelation.
  1836 | D:3      | Found Watemode's Weapon Emporium.
  1955 | D:3      | Reached XP level 5. HP: 29/32 MP: 5/5
  1983 | D:3      | 1983 ||| Stepping ~*~*~tactically~*~*~ (hiding).
  1984 | D:3      | 1984 ||| Stepping ~*~*~tactically~*~*~ (hiding).
  2093 | D:3      | Found Leoteloj's Jewellery Emporium.
  2100 | D:3      | 2100 ||| SHOPLISTING +4 ring of slaying (936 gold, have
                  | 151).
  2100 | D:3      | 2100 ||| SHOPLISTING +6 ring of dexterity (432 gold, have
                  | 151).
  2100 | D:3      | 2100 ||| SHOPLISTING amulet of faith (480 gold, have 151).
  2100 | D:3      | 2100 ||| SHOPLISTING ring of ice (300 gold, have 151).
  2100 | D:3      | 2100 ||| SHOPLISTING ring of positive energy (240 gold,
                  | have 151).
  2100 | D:3      | 2100 ||| SHOPLISTING ring of resist corrosion (240 gold,
                  | have 151).
  2118 | D:3      | Found a shimmering blue altar of Sif Muna.
  2322 | D:3      | Found a transporter.
  2324 | D:3      | Found Ujiom's Assorted Antiques.
  2387 | D:3      | Found a transporter.
  2565 | D:3      | 2565 ||| DROPPING scarf of harm.
  2566 | D:3      | 2566 ||| READING scroll labelled FOQENEI KOSEJYONG.
  2567 | D:3      | 2567 ||| DRINKING 3 purple potions.
  2611 | D:4      | 2611 ||| Stepping ~*~*~tactically~*~*~ (hiding).
  2627 | D:4      | Noticed a black bear
  2633 | D:4      | Reached skill level 5 in Axes
  2634 | D:4      | HP: 8/32 [black bear (2)]
  2639 | D:4      | Gained mutation: You have large cloven feet. [hidden
                  | potential]
  2639 | D:4      | Lost mutation: You have great hidden genetic potential.
                  | [hidden potential expressed]
  2640 | D:4      | Killed a black bear
  2641 | D:4      | Reached XP level 6. HP: 7/40 MP: 6/6
  2697 | D:4      | 2697 ||| Stepping ~*~*~tactically~*~*~ (stealth).
  2713 | D:4      | 2713 ||| FLEEEEING.
  2714 | D:4      | 2714 ||| FLEEEEING.
  2906 | D:4      | Gained mutation: You have hoof-like feet. [hidden
                  | potential]
  2923 | D:4      | 2923 ||| Stepping ~*~*~tactically~*~*~ (hiding).
  3259 | D:4      | 3259 ||| READING scroll labelled LIUDIK MAUWN.
  3262 | D:4      | 3262 ||| DRINKING 2 brown potions.
  3263 | D:4      | 3263 ||| READING 2 scrolls of identify.
  3263 | D:4      | 3263 ||| IDENTIFYING dark potion
  3264 | D:4      | 3264 ||| DROPPING potion of enlightenment.
  3275 | D:5      | Entered Level 5 of the Dungeon
  3282 | D:5      | Reached skill level 1 in Dodging
  3309 | D:5      | Reached XP level 7. HP: 44/44 MP: 7/7
  3312 | D:5      | Reached skill level 6 in Axes
  3321 | D:5      | 3321 ||| FLEEEEING.
  3322 | D:5      | 3322 ||| FLEEEEING.
  3323 | D:5      | 3323 ||| Stepping ~*~*~tactically~*~*~ (hiding).
  3328 | D:5      | HP: 9/44 [shadow imp/nerve-wracking pain (7)]
  3329 | D:5      | 3329 ||| DRINKING potion of heal wounds.
  3334 | D:5      | 3334 ||| FLEEEEING.
  3335 | D:5      | 3335 ||| FLEEEEING.
  3336 | D:5      | 3336 ||| FLEEEEING.
  3337 | D:5      | 3337 ||| FLEEEEING.
  3338 | D:5      | 3338 ||| STAIRDANCE
  3338 | D:5      | Gained mutation: You are strong-willed. (Will+) [hidden
                  | potential]
  3338 | D:5      | Lost mutation: You have hidden genetic potential. [hidden
                  | potential expressed]
  3395 | D:5      | 3395 ||| Stepping ~*~*~tactically~*~*~ (stealth).
  3513 | D:5      | HP: 4/44 [gnoll/+0 halberd[a gnoll bouda] (11)]
  3515 | D:5      | Reached skill level 7 in Axes
  3515 | D:5      | Slain by a gnoll bouda

Levels and vault maps discovered:
D:1:      lemuel_arrival_muddy, layout_basic
D:2:      layout_loops_cross, shapermc_ecumenical_altar_rom_forum,
          serial_bayou_ford_a
D:3:      layout_loops_ring, mainiacjoe_overflow_catwalk, serial_shops, shop,
          nicolae_shop_drivethru, nicolae_shop_competitors_out_of_business
D:4:      layout_cave_pools
D:5:      layout_rooms, serial_demonic, serial_demonic_c, serial_demonic_d,
          serial_demonic_c, serial_demonic_d, serial_demonic_f,
          serial_demonic_e, serial_demonic_e, ebering_ghost_sewer_f

Skill      XL: |  1  2  3  4  5  6  7 |
---------------+----------------------+-----
Axes           | 2 3 4 5 7 |  7.0
Fighting       | 4 |  4.8
Dodging        | 1 |  1.2
Armour         | |  3.2
Shields        | |  3.2

Action                     |  1- 3 |  4- 6 |  7- 9 || total
---------------------------+-------+-------+-------++-------
  Melee: War axe           |    93 |   123 |    59 ||   275
         Headbutt          |     5 |     9 |     8 ||    22
  Throw: Boomerang         |       |     3 |       ||     3
    Use: Scroll            |     2 |     5 |       ||     7
         Potion            |     2 |     2 |     1 ||     5
 Armour: Scale mail        |    54 |    68 |    73 ||   195
  Dodge: Dodged            |    48 |    84 |    59 ||   191
  Block: Buckler           |    14 |    27 |    19 ||    60

Table legend:
 A = Non-vault XP
 B = Vault XP
 C = Vault XP percentage of total XP
 D = Non-vault monster count
 E = Vault monster count
 F = Vault count percentage of total count
                 A         B        C        D         E       F
            +---------+---------+-------+---------+---------+-------
      Total |     926 |     143 |  13.4 |      89 |       7 |   7.3
            +---------+---------+-------+---------+---------+-------
        D:1 |      42 |       0 |   0.0 |      23 |       0 |   0.0
        D:2 |      82 |       0 |   0.0 |      28 |       0 |   0.0
        D:3 |      53 |       0 |   0.0 |      11 |       0 |   0.0
        D:4 |     311 |       0 |   0.0 |      18 |       0 |   0.0
        D:5 |     438 |     143 |  24.6 |       9 |       7 |  43.8
            +---------+---------+-------+---------+---------+-------
